akko, lawful male human Samurai ---------------- ------------- |..............| |`!........`| #...............| |.....`...?.-############|.........<....| | -----...| #########...............| |.{.|..!| ---------------- # |{){|`..| # + |.{.|...| # |.. -.---...| # |.....`.....| ---.- +`.........`| |...| ------------- |.r@| |...| ----- akko the Ninja Experience level: 6 Strength: 15 Dexterity: 14 Constitution: 18 Intelligence: 10 Wisdom: 9 Charisma: 9 Health: 0(56) Energy: 22(22) Def: 6 Gold: 416 Moves: 1078 Dungeon seed: -OZamL3YC0KCXu_g Game ID: akko_1496960710 Your Inventory: Coins $ - 416 gold pieces Weapons a - an uncursed +0 katana b - an uncursed +2 wakizashi (alternate weapon; not wielded) c - an uncursed +1 yumi (weapon in hand) d - 29 blessed +0 ya (in quiver) g - 12 uncursed +0 shuriken Armor e - an uncursed rustproof +0 splint mail (being worn) Scrolls i - an uncursed scroll of scare monster Potions h - an uncursed potion of water o - an uncursed potion of acid Rings n - an uncursed +1 ring of increase damage Wands f - an uncursed wand of probing (0:3) D - an uncursed wand of teleportation (0:6) Spells and supernatural/magical abilities: Name Level Category Fail Memory W - pray for help -- divine ? -- Your skills at the end: Miscellaneous Skills martial arts [Basic] wands [Basic] stealth [Basic] Weapon Skills short sword [Basic] long sword [Basic] bow [Basic] shuriken [Basic] Spellcasting Skills Final Attributes: You were stridently aligned. You were somewhat stealthy. You were fast. You were unlucky. You are dead. Vanquished creatures: The Oracle a giant spider a fog cloud a centipede a jitterbug a wererat a coyote a hobbit a giant rat 2 cave spiders a brown mold a garter snake 2 newts 5 sewer rats 2 grid bugs 2 kobold zombies 24 creatures vanquished. Voluntary challenges: You followed a strict vegan diet. You did not adorn yourself with jewelry or accessories. You did not cause conflict. You were not invisible. You did not have reflection. You were not displaced. You used a wielded weapon 47 times, starting on turn 4. You did not use tools. You did not use plumbed fixtures. You did not drink any magical draughts. You were illiterate. You never genocided any monsters. You never polymorphed an object. You never changed form. You used no wishes. You never split a pudding. You never wrote Elbereth's name. You violated your moral code, losing 4 points of alignment, starting on turn 1019. Dungeon overview: The Dungeons of Doom: levels 1 to 8 Level 1 a long staircase Level 2 a sink Level 3 Level 4 an altar to Raijin Level 5 Level 6 Level 7 a fountain Level 8 <- You were here many fountains History has recorded: On T:1 you entered the Dungeons of Doom to retrieve the Amulet of Yendor! On T:101 you reached level 2 of The Dungeons of Doom. On T:131 you reached level 3 of The Dungeons of Doom. On T:152 you reached level 4 of The Dungeons of Doom. On T:279 you reached level 5 of The Dungeons of Doom. On T:596 you prayed to Amaterasu Omikami. On T:604 you advanced to experience level 2. On T:639 you advanced to experience level 3. On T:700 you reached level 6 of The Dungeons of Doom. On T:791 you reached level 7 of The Dungeons of Doom. On T:794 you advanced to experience level 4. On T:984 you reached level 8 of The Dungeons of Doom. On T:1018 you advanced to experience level 5. On T:1025 you killed Oracle on level 8 of The Dungeons of Doom. On T:1025 you advanced to experience level 6. Score breakdown: Gold: 416 ( 41 points) Experience: 6 levels ( 500 points) Exploration: 8 levels ( 210 points) Discoveries: 5 items ( 250 points) Variety of kills: 16 monsters ( 800 points) Major goal: (nothing yet) ( 0 points) Survival: died (score multiplied by 3) Total score: 5403 Latest messages: The sewer rat bites! (3x) The sewer rat misses. The sewer rat bites! The sewer rat misses. The sewer rat bites! The sewer rat misses. The sewer rat bites! (2x) The sewer rat misses. The sewer rat bites! (5x) The sewer rat misses. (2x) The sewer rat bites! (2x) The sewer rat misses. The sewer rat bites! The sewer rat misses. (2x) The sewer rat bites! (5x) The sewer rat misses. The sewer rat bites! (2x) The sewer rat misses. (2x) The sewer rat bites! (5x) The sewer rat misses. The sewer rat bites! You die... Final status: Sayonara akko the Samurai, killed by a sewer rat... You died in The Dungeons of Doom on dungeon level 8 with 5403 points, and 416 pieces of gold, after 1078 moves. You were level 6 with a maximum of 56 hit points when you died.